 Dungeon Crawl Stone Soup version 0.26-a0-451-gacbe401039 (webtiles) character file.

Game seed: 8549494790687243426

590 ReteAZ the Ruffian (level 7, -4/62 HPs)
             Began as a Troll Hunter on July 28, 2020.
             Slain by an orc warrior
             ... wielding a +0 morningstar
              (21 damage)
             ... on level 4 of the Dungeon.
             The game lasted 00:04:17 (2677 turns).

ReteAZ the Ruffian (Troll Hunter)                   Turns: 2677, Time: 00:04:17

Health: -4/62      AC:  6    Str: 21    XL:     7   Next: 15%
Magic:  6/6        EV:  7    Int:  9    God:
Gold:   190        SH:  7    Dex: 10    Spells: 6/6 levels left

rFire    . . .     SeeInvis .     - Unarmed
rCold    . . .     Faith    .   z - +0 kite shield
rNeg     . . .     Spirit   .   b - +0 robe
rPois    .         Reflect  .   (helmet restricted)
rElec    .         Harm     .   (no cloak)
rCorr    .                      (gloves unavailable)
MR       .....                  (boots unavailable)
Stlth    +.........             (no amulet)
HPRegen  0.60/turn              (no ring)
MPRegen  0.10/turn              (no ring)

@: no status effects
A: large, unfitting armour, claws 3, regeneration 1, shaggy fur 1, tough skin 3
a: no special abilities


You were on level 4 of the Dungeon.
You visited 1 branch of the dungeon, and saw 4 of its levels.

You collected 190 gold pieces.

Inventory:

Hand Weapons
 a - a +0 short sword
Missiles
 c - 4 large rocks (quivered)
 o - 8 poisoned darts
 t - 6 atropa-tipped darts
Armour
 b - a +0 robe (worn)
 z - a +0 kite shield (worn)
Jewellery
 g - an uncursed ring of protection from magic {unknown}
 n - a +6 ring of dexterity {unknown}
 w - an uncursed ring of positive energy {unknown}
 x - an uncursed ring of positive energy {unknown}
Wands
 d - a wand of polymorph (12)
 s - a wand of clouds (5)
 u - a wand of acid (13)
Scrolls
 h - 2 scrolls of remove curse {unknown}
 j - 2 scrolls of magic mapping {unknown}
 l - 2 scrolls of blinking {unknown}
 m - a scroll of amnesia {unknown}
 v - a scroll of enchant armour {unknown}
Potions
 e - a potion of haste {unknown}
 f - a potion of brilliance
 i - a potion of mutation {unknown}
 k - a potion of might {unknown}
 p - a potion of resistance {unknown}
 q - a potion of flight {unknown}
 r - a potion of degeneration {unknown}


   Skills:
 - Level 1.5 Fighting
 - Level 3.6 Throwing
 - Level 1.5 Dodging
 - Level 0.3 Stealth
 + Level 7.6 Unarmed Combat


You had 6 spell levels left.
You didn't know any spells.
Your spell library was empty.

Dungeon Overview and Level Annotations

Branches:
Dungeon (4/15)
 Temple: D:4-7

Altars:
Ashenzari
Dithmenos
Elyvilon
Nemelex Xobeh
Ru
Vehumet
Xom
Zin

Shops:
D:4 ?


Innate Abilities, Weirdness & Mutations

You are too large for most types of armour.
You have claws for hands.
Your natural rate of healing is unusually fast.
You are covered in fur. (AC +1)
You have extremely tough skin. (AC +3)


Message History

You catch the helpless orc warrior completely off-guard!
You scratch the orc warrior.
The orc warrior is heavily wounded.
The orc warrior struggles against the net.
You completely miss the orc warrior.
The orc warrior is heavily wounded.
The orc warrior struggles against the net. x2
The net rips apart, and the orc warrior comes free!
You scratch the orc warrior but do no damage.
The orc warrior is heavily wounded.
Throwing (i - inventory. (/) - cycle)
c - 5 large rocks (quivered)
Press: ? - help, Shift-Dir - straight line, f/p - orc warrior
Aim: an orc warrior, wielding a +0 morningstar and wearing a +0 chain mail (heavily wounded)
You throw a large rock.
The large rock closely misses the orc warrior.
The orc warrior hits you with a +0 morningstar!!
* * * LOW HITPOINT WARNING * * *
An orc comes into view.
The orc warrior hits you with a +0 morningstar!!
You die...

##########'##..............
#.......(...#######........#....
#.................#'####...#....
#.............o........# ..#....
#......................#####....
#...............................
#......<........................
###)######'###o###.....)).......
#).).......#..@.#.....).)......
#..........#....#......).......
#..........#....#..............
#..........#....######.........
#..........#.........#.........
#######...##.........######....
#....##...##....##........#....
#....#....##....##........#....
#....#.....'....#.........# ...


You could see an orc warrior and an orc (wandering).

Vanquished Creatures
  Edmund (D:4)
  2 ogres (D:4)
  A scorpion (D:4)
  An orc priest (D:4)
  2 orc wizards (D:4)
  Jessica (D:3)
  2 adders
  4 gnolls (D:4)
  5 worms
  4 leopard geckos
  7 orcs
  A ball python (D:3)
  3 giant cockroaches
  8 goblins
  5 hobgoblins
  7 jackals (D:2)
  4 quokkas
  4 bats
  5 frilled lizards
  4 kobolds
  9 rats
80 creatures vanquished.

Notes
Turn   | Place    | Note
-------+----------+-------------------------------------------
     0 | D:1      | ReteAZ the Troll Hunter began the quest for the Orb.
     0 | D:1      | Reached XP level 1. HP: 19/19 MP: 0/0
   114 | D:1      | Reached skill level 1 in Unarmed Combat
   301 | D:1      | Reached XP level 2. HP: 27/27 MP: 1/1
   681 | D:2      | Reached skill level 2 in Unarmed Combat
   868 | D:2      | Reached XP level 3. HP: 33/33 MP: 2/2
   902 | D:2      | Reached skill level 3 in Unarmed Combat
   975 | D:2      | Found a shadowy altar of Dithmenos.
  1281 | D:3      | Noticed Jessica
  1283 | D:3      | Killed Jessica
  1283 | D:3      | Reached skill level 4 in Unarmed Combat
  1283 | D:3      | Reached XP level 4. HP: 33/41 MP: 3/3
  1426 | D:3      | Found a radiant altar of Vehumet.
  1427 | D:3      | Found a glowing silver altar of Zin.
  1427 | D:3      | Found a white marble altar of Elyvilon.
  1427 | D:3      | Found a sacrificial altar of Ru.
  1803 | D:3      | Found a sparkling altar of Nemelex Xobeh.
  2070 | D:4      | Reached XP level 5. HP: 14/48 MP: 4/4
  2195 | D:4      | Found Inogegre's Magic Scroll Boutique.
  2195 | D:4      | Noticed an ogre
  2204 | D:4      | Killed an ogre
  2204 | D:4      | Reached skill level 5 in Unarmed Combat
  2209 | D:4      | Noticed an ogre
  2214 | D:4      | Noticed Edmund
  2220 | D:4      | Killed an ogre
  2220 | D:4      | Reached skill level 6 in Unarmed Combat
  2220 | D:4      | Reached XP level 6. HP: 9/55 MP: 5/5
  2227 | D:4      | Killed Edmund
  2383 | D:4      | Reached skill level 7 in Unarmed Combat
  2413 | D:4      | Found a shattered altar of Ashenzari.
  2430 | D:4      | Reached XP level 7. HP: 41/62 MP: 6/6
  2550 | D:4      | Found a shimmering altar of Xom.
  2576 | D:4      | Found a sparkling altar of Nemelex Xobeh.
  2677 | D:4      | Slain by an orc warrior

Illustrated notes

Levels and vault maps discovered:
D:1:      dpeg_arrival_windows_large_door, layout_loops_ring
D:2:      layout_loops_cross, grunt_dithmenos_smoke_and_mirrors
D:3:      layout_basic, grunt_temple_overflow_open, nemelex_spade_bored_becter,
          uniq_jessica
D:4:      layout_gridville, overflow_temple_1_default, lemuel_round_altar,
          kennysheep_little_box, serial_shops, shop,
          cheibrodos_sewer_entry_bend, ashenzari_altar_1, uniq_edmund

Skill      XL: |  1  2  3  4  5  6 |
---------------+-------------------+-----
Unarmed Combat | 1 2 4 6 7 |  7.6
Fighting       | |  1.5
Throwing       | |  3.6
Dodging        | |  1.5
Stealth        | |  0.3

Action                   |  1- 3 |  4- 6 |  7- 9 || total
-------------------------+-------+-------+-------++-------
Melee: Unarmed           |   124 |    82 |    29 ||   235
       Punch             |     2 |     1 |       ||     3
Throw: Large rock        |       |     6 |     1 ||     7
       Throwing net      |       |     2 |     1 ||     3
  Use: Potion            |       |     1 |       ||     1
 Stab: Sleeping          |     1 |     2 |       ||     3
       Held in net/web   |       |       |     1 ||     1
Armor: Robe              |    42 |    21 |     5 ||    68
Dodge: Dodged            |    69 |    33 |     8 ||   110
Block: Kite shield       |       |     1 |     7 ||     8

Table legend: (Time is in decaauts)
 A = Elapsed time spent in this place.
 B = Non-inter-level travel time spent in this place.
 C = Inter-level travel time spent in this place.
 D = Time resting spent in this place.
 E = Time spent auto-exploring this place.
 F = Levels seen in this place.
 G = Mean time per level.
                   A        B        C        D        E       F      G
               +--------+--------+--------+--------+--------+-----+--------+
         Total |   2666 |   2549 |    117 |    230 |   1565 |   4 |  666.5 |
       Dungeon |   2666 |   2549 |    117 |    230 |   1565 |   4 |  666.5 |
               +--------+--------+--------+--------+--------+-----+--------+

Top non-repeatable levels by time:
     D:3: 750 daAuts
     D:1: 666 daAuts
     D:4: 659 daAuts
     D:2: 590 daAuts
